Match 25518831
Unlisted

Match 25518831
End
Selects Italian Combined Arms Battlegroup
Selects Bersaglieri Squad
Bersaglieri Squad
Kradschützen Motorcycle Team
Bersaglieri Squad
Construct Light Support Kompanie
Selects Bersaglieri Bolster
Bersaglieri Squad
Fire Support Elements
Flakvierling Half-track
2.5-tonne Medical Truck
Panzerjäger Mechanized Group
Selects Breda Model 30 Light Machine Guns
Construct Panzerarmee Kommand
Selects Semovente da 75/18 Assault Gun
Emergency Repair Kits
Selects Strafing Run
Veteran Squad Leaders
Panzer III L Medium Tank
Strafing Run
Armored Reserves
Vehicle Survival Package
Panzer IV Assault Group
Rapid Advance
Strafing Run
Panzer III L Medium Tank
Selects Artillery Cover
Strafing Run
Panzer IV Assault Group
Tungsten Core Ammunition
Strafing Run
Advanced Optics
Advanced Field Repairs
KaTeun
UH|dun! ツ
Kimchi Man
Bish Bash Bosh
Jackson
Random_Target
0
0

Comments sign in to comment!

No comments posted yet!